 Dungeon Crawl Stone Soup version 0.25-a0-927-g39f137c8b7 (webtiles) character file.

Game seed: 5400758355685916845, levelgen mode: deterministic

63 Maedhros the Poker (level 4, -4/31 HPs)
             Began as an Octopode Chaos Knight on May 3, 2020.
             Was a Plaything of Xom.
             Killed from afar by Jessica (7 damage)
             ... with a puff of flame
             ... on level 2 of the Dungeon.
             The game lasted 00:00:51 (952 turns).

Maedhros the Poker (Octopode Chaos Knight)           Turns: 952, Time: 00:00:52

Health: -4/31      AC:  1    Str: 11    XL:     4   Next: 9%
Magic:  4/4        EV: 13    Int: 14    God:    Xom [..*...]
Gold:   84         SH:  0    Dex: 12    Spells: 3/3 levels left

rFire    . . .     SeeInvis .   a - +0 spear (chaos)
rCold    . . .     Gourm    .   (no shield)
rNeg     . . .     Faith    .   (helmet restricted)
rPois    .         Spirit   .   (no amulet)
rElec    .         Reflect  .   (no ring)
rCorr    .         Harm     .   (no ring)
MR       .....                  (no ring)
Stlth    ++........             (no ring)
HPRegen  0.10/turn              (no ring)
MPRegen  0.09/turn              (no ring)
                                (no ring)
                                (no ring)

@: brilliant, very slightly contaminated, invisible
A: almost no armour, stealthy swim, amphibious, 8 rings, constrict 8, camouflage
1, gelatinous body 1
a: Renounce Religion


You were on level 2 of the Dungeon.
You worshipped Xom.
You were a toy of Xom.
You were not hungry.

You visited 1 branch of the dungeon, and saw 2 of its levels.

You collected 84 gold pieces.

Inventory:

Hand Weapons
 a - a +0 spear of chaos (weapon)
Scrolls
 d - 3 scrolls of teleportation {unknown}
 e - a scroll of identify {unknown}
 f - 2 scrolls of noise {unknown}
 g - a scroll of amnesia {unknown}
 h - a scroll of fog {unknown}
Potions
 j - a potion of lignification {unknown}
Comestibles
 b - 2 rations


   Skills:
 - Level 3.0 Fighting
 + Level 4.8 Polearms
 - Level 2.3 Dodging


You had 3 spell levels left.
You didn't know any spells.
Your spell library was empty.

Dungeon Overview and Level Annotations

Branches:
Dungeon (2/15)

Altars:

Annotations:
D:2 Jessica


Innate Abilities, Weirdness & Mutations

You cannot wear most types of armour.
You are very stealthy in the water. (Stealth+)
You are amphibious.
You can wear up to eight rings at the same time.
You can use your tentacles to constrict eight enemies at once.
Your skin changes colour to match your surroundings (Stealth+).
Your rubbery body absorbs attacks. (AC +1, EV +1)


Message History

The bullfrog skeleton appears confused.
The bullfrog skeleton is moderately damaged.
Jessica zaps a wand.
The puff of flame hits you!
You are too injured to fight recklessly!
You are too injured to fight recklessly!
You are too injured to fight recklessly!
You are too injured to fight recklessly!
Evoke which item? (* to show all) (? for menu, Esc to quit)
Okay, then.
It was a potion of invisibility.
You fade into invisibility!
Xom thinks this is hilarious!
Jessica zaps a wand.
The puff of flame hits you!
* * * LOW HITPOINT WARNING * * *
You are very lightly contaminated with residual magic.
It was a potion of brilliance.
You feel clever all of a sudden.
Xom roars with laughter!
Jessica zaps a wand.
The puff of flame hits you!
You die...

###..###.#......
#...........####
#.######.......# #.#
###..####.. #†# #....#
##. ##.####.#.## ##
########.......#.#######
..........######>#......
....Z..@.## #...#####
.........# ... #
.........# ...# #
.......>.# ...# #
........@# # .........#
# .........# #
.........# # #


You could see Jessica and a bullfrog skeleton (confused).

Vanquished Creatures
  2 adders (D:2)
  2 worms (D:2)
  3 giant cockroaches
  3 goblins
  3 hobgoblins
  4 jackals (D:2)
  8 kobolds
  4 bats
  5 frilled lizards
  3 rats
37 creatures vanquished.

Notes
Turn   | Place    | Note
-------+----------+-------------------------------------------
     0 | D:1      | Maedhros the Octopode Chaos Knight began the quest for the
                  | Orb.
     0 | D:1      | Reached XP level 1. HP: 16/16 MP: 1/1
    76 | D:1      | XOM: silly message
    82 | D:1      | XOM: divination: detect creatures
   136 | D:1      | Reached XP level 2. HP: 7/21 MP: 2/2
   699 | D:1      | Reached skill level 4 in Polearms
   803 | D:2      | Reached XP level 3. HP: 21/26 MP: 3/3
   904 | D:2      | Reached XP level 4. HP: 17/31 MP: 4/4
   942 | D:2      | Noticed Jessica
   952 | D:2      | Killed from afar by Jessica

Levels and vault maps discovered:
D:1:      erik_arrival_blinker_ship, layout_basic
D:2:      layout_rooms, uniq_jessica, uniq_natasha, uniq_robin

Skill      XL: |  1  2 |
---------------+-------+-----
Polearms       | 4 |  4.8
Fighting       | |  3.0
Dodging        | |  2.3

Action                   |  1- 3 |  4- 6 || total
-------------------------+-------+-------++-------
Melee: Spear             |    81 |    10 ||    91
       Constrict         |    13 |     2 ||    15
       Tentacles         |     8 |       ||     8
  Use: Potion            |       |     2 ||     2
 Stab: Sleeping          |     5 |     1 ||     6
Armor: Skin              |     8 |       ||     8
Dodge: Dodged            |    42 |     4 ||    46

Table legend:
 A = Non-vault XP
 B = Vault XP
 C = Vault XP percentage of total XP
 D = Non-vault monster count
 E = Vault monster count
 F = Vault count percentage of total count
                 A         B        C        D         E       F
            +---------+---------+-------+---------+---------+-------
      Total |      86 |       4 |   4.4 |      35 |       2 |   5.4
            +---------+---------+-------+---------+---------+-------
        D:1 |      30 |       0 |   0.0 |      20 |       0 |   0.0
        D:2 |      56 |       4 |   6.7 |      15 |       2 |  11.8
            +---------+---------+-------+---------+---------+-------
